 Dungeon Crawl Stone Soup version 0.27-a0-96-gb51a1d6fd6 (webtiles) character file.

Game seed: 17305830292561469418

1939 kae the Ruffian (level 8, 0/80 HPs)
             Began as a Troll Fighter on Jan 19, 2021.
             Was an Initiate of Ru.
             Slain by a centaur (4 damage)
             ... on level 7 of the Dungeon.
             The game lasted 00:04:06 (5252 turns).

kae the Ruffian (Troll Fighter)                     Turns: 5252, Time: 00:04:06

Health: 0/80       AC:  9    Str: 27    XL:     8   Next: 97%
Magic:  7/7        EV: 11    Int:  4    God:    Ru [......]
Gold:   332        SH:  0    Dex:  9    Spells: 7/7 levels left

rFire    . . .     SeeInvis .     - Unarmed
rCold    . . .     Faith    .   (no shield)
rNeg     . . .     Spirit   .   a - +1 robe
rPois    .         Reflect  .   (helmet restricted)
rElec    .         Harm     .   s - +1 cloak
rCorr    .         Rampage  .   (gloves unavailable)
Will     .....                  (boots unavailable)
Stlth    +.........             (no amulet)
HPRegen  0.63/turn              (no ring)
MPRegen  0.10/turn              (no ring)

@: no status effects
A: large, unfitting armour, claws 3, regeneration 1, shaggy fur 1, tough skin 3
a: Renounce Religion


You were on level 7 of the Dungeon.
You worshipped Ru.
Ru was noncommittal.
You visited 2 branches of the dungeon, and saw 8 of its levels.

You collected 332 gold pieces.

Inventory:

Armour
 a - a +1 robe (worn)
 s - a +1 cloak (worn)
Wands
 i - a wand of digging (7)
 m - a wand of iceblast (5)
 o - a wand of flame (8)
 r - a wand of random effects (18)
Scrolls
 d - a scroll of teleportation
 e - 8 scrolls of identify
 f - 3 scrolls of enchant weapon
 g - 5 scrolls of remove curse
 l - a scroll of enchant armour
Potions
 c - a potion of might
 h - 2 potions of haste
 j - a potion of magic
 k - 2 potions of brilliance
 n - 4 potions of curing
 p - a potion of flight
 q - a potion of invisibility


   Skills:
 + Level 5.0 Fighting
 + Level 3.9 Armour
 + Level 5.0 Dodging
 - Level 2.4 Shields
 * Level 7.7 Unarmed Combat


You had 7 spell levels left.
You didn't know any spells.
Your spell library was empty.

Dungeon Overview and Level Annotations

Branches:
Dungeon (7/15)             Temple (1/1) D:6

Altars:
Ashenzari
Cheibriados
Dithmenos
Elyvilon
Hepliaklqana
Kikubaaqudgha
Makhleb
Nemelex Xobeh
Okawaru
Qazlal
Ru
Sif Muna
Trog
Uskayaw
Vehumet
Wu Jian
Xom
Yredelemnul
The Shining One

Annotations:
D:3 2 transporters
D:6 3 runed translucent doors, Ibis19's ghost, novice MiBe


Innate Abilities, Weirdness & Mutations

You are too large for most types of armour.
You have claws for hands.
Your natural rate of healing is unusually fast.
You are covered in fur. (AC +1)
You have extremely tough skin. (AC +3)


Message History

Okay, then.
The orc priest invokes the aid of Beogh against you.
Beogh smites you!
* * * LOW HITPOINT WARNING * * *
You can't go up here!
Unknown command.
Okay, then.
You feel better.
The killer bee stings you but does no damage.
The killer bee closely misses you.
The centaur unwields a +1 shortbow of freezing.
The centaur hits you.
* * * LOW HITPOINT WARNING * * *
The orc warrior barely misses you. The killer bee stings you.
* * * LOW HITPOINT WARNING * * *
The leopard gecko closely misses you.
There is a stone staircase leading up here.
The centaur hits you.
You die...

+...............#
#...oh...o......##
.......######.......#
.......# #.o.(...#
.......# #.......#
.......# #.h.(..†#
.......# #..lyy..#
.......# #.olyc..#
.......# #...@...#
#.......# #.......###
###.......# #.......#
#.......# #.......#
#.......# #.......#


You could see an orc warrior, a wyvern, a centaur, a howler monkey, 3 killer
bees, an orc priest, an orc and a leopard gecko.

Vanquished Creatures
  Eustachio (D:4)
  Menkaure (D:4)
  Edmund (D:5)
  An orc warrior (D:6)
  2 sky beasts (D:5)
  2 phantoms
  Blork the orc (D:5)
  A bullfrog (D:7)
  A scorpion (D:4)
  2 howler monkeys (D:7)
  2 jellies
  A bullfrog zombie (D:6)
  3 hounds
  4 orc priests
  A bullfrog skeleton (D:6)
  Natasha (thrice) (D:4)
  5 orc wizards
  4 worker ants
  2 worker ant zombies (D:5)
  5 adders
  3 gnolls (D:3)
  A shadow imp (D:5)
  A white imp (D:4)
  An ooze (D:4)
  3 worms
  3 dart slugs
  4 leopard geckos
  13 orcs
  7 bats
  3 giant cockroaches
  6 goblins
  10 hobgoblins
  9 jackals
  11 kobolds
  3 quokkas
  A ball python (D:1)
  2 frilled lizards
  7 rats
131 creatures vanquished.

Vanquished Creatures (others)
  2 fungi (D:6)
  5 plants
7 creatures vanquished.

Grand Total: 138 creatures vanquished

Notes
Turn   | Place    | Note
-------+----------+-------------------------------------------
     0 | D:1      | kae the Troll Fighter began the quest for the Orb.
     0 | D:1      | Reached XP level 1. HP: 22/22 MP: 0/0
    44 | D:1      | Reached XP level 2. HP: 23/29 MP: 1/1
   135 | D:1      | Found a snail-covered altar of Cheibriados.
   336 | D:1      | Reached XP level 3. HP: 34/36 MP: 2/2
   731 | D:2      | Reached skill level 3 in Unarmed Combat
   787 | D:2      | Reached XP level 4. HP: 15/44 MP: 3/3
  1373 | D:3      | Reached skill level 1 in Armour
  1375 | D:3      | Reached XP level 5. HP: 49/53 MP: 4/4
  1486 | D:3      | Found a transporter.
  1508 | D:3      | Found a faded altar of an unknown god.
  1614 | D:3      | Found a bloodstained altar of Trog.
  1787 | D:3      | Found a transporter.
  1820 | D:3      | Reached skill level 4 in Unarmed Combat
  2283 | D:4      | Noticed Natasha
  2293 | D:4      | Killed Natasha
  2309 | D:4      | Reached XP level 6. HP: 54/61 MP: 5/5
  2368 | D:4      | You fall into a shaft and drop 2 floors!
  2380 | D:5      | Entered Level 5 of the Dungeon
  2686 | D:4      | Noticed Natasha
  2693 | D:4      | Killed Natasha
  2694 | D:4      | Reached skill level 5 in Unarmed Combat
  2698 | D:4      | Reached XP level 7. HP: 52/67 MP: 6/6
  2719 | D:4      | Noticed Natasha
  2722 | D:4      | Killed Natasha
  2730 | D:4      | Noticed Menkaure
  2740 | D:4      | Killed Menkaure
  2798 | D:4      | Noticed Eustachio
  2813 | D:4      | Killed Eustachio
  3147 | D:5      | Reached skill level 6 in Unarmed Combat
  3178 | D:5      | Reached XP level 8. HP: 54/78 MP: 7/7
  3424 | D:5      | Noticed Blork the orc
  3433 | D:5      | Killed Blork the orc
  3548 | D:5      | Found a white marble altar of Elyvilon.
  3555 | D:5      | Found a burning altar of Makhleb.
  3560 | D:5      | Found a snail-covered altar of Cheibriados.
  3567 | D:5      | Found a basalt altar of Yredelemnul.
  3573 | D:5      | Found an iron altar of Okawaru.
  3584 | D:5      | Found a hide-covered altar of Uskayaw.
  3594 | D:5      | Found a hazy altar of Hepliaklqana.
  3767 | D:5      | Noticed Edmund
  3779 | D:5      | Killed Edmund
  4123 | D:6      | Reached skill level 7 in Unarmed Combat
  4458 | D:6      | Found a runed translucent gate.
  4458 | D:6      | Found a runed translucent gate.
  4458 | D:6      | Found a runed translucent gate.
  4459 | D:6      | Noticed Ibis19's ghost (novice MiBe)
  4459 | D:6      | Identified the +3 whip of the Inferno {venom, *Rage rPois
                  | rF+++ Str-5}
  4459 | D:6      | Noticed a kobold demonologist
  4493 | D:6      | Found a staircase to the Ecumenical Temple.
  4660 | Temple   | Entered the Ecumenical Temple
  4893 | Temple   | Became a worshipper of Ru the Awakened
  5187 | D:7      | Reached skill level 5 in Fighting
  5187 | D:7      | Reached skill level 5 in Dodging
  5249 | D:7      | HP: 2/80 [orc priest/divine providence (8)]
  5252 | D:7      | Slain by a centaur

Illustrated notes

Levels and vault maps discovered:
D:1:      dpeg_arrival_fog, layout_basic, cheibriados_altar_1
D:2:      layout_loops_cross, chequers_big_river
D:3:      gammafunk_steamed_eel, layout_basic, bloody_trog,
          chequers_ecumenical_altar_simple_redux, kennysheep_minor_cross
D:4:      layout_gridville, uniq_menkaure, uniq_natasha, uniq_eustachio
D:5:      layout_basic, grunt_temple_overflow_octagram,
          corexii_hall_statues_deadend, uniq_edmund, uniq_blork_the_orc
D:6:      layout_rooms, minmay_temple_entry_gardened_gates,
          gammafunk_ghost_nasty_kobolds
D:7:      layout_gridville
Temple:   grunt_temple_mini_profane

Skill      XL: |  1  2  3  4  5  6  7  8 |
---------------+-------------------------+-----
Unarmed Combat | 3 4 5 6 7 |  7.7
Fighting       | 3 4 5 |  5.0
Armour         | 1 2 3 |  3.9
Dodging        | 3 4 5 |  5.0
Shields        | |  2.4

Action                   |  1- 3 |  4- 6 |  7- 9 || total
-------------------------+-------+-------+-------++-------
Melee: Unarmed           |    80 |   126 |   206 ||   412
       Punch             |       |     3 |    12 ||    15
  Use: Scroll            |       |    13 |     3 ||    16
       Potion            |       |       |     1 ||     1
Armor: Robe              |    51 |    38 |    70 ||   159
Dodge: Dodged            |    44 |    53 |   117 ||   214
Block: Kite shield       |    13 |       |       ||    13

Table legend: (Time is in decaauts)
 A = Elapsed time spent in this place.
 B = Non-inter-level travel time spent in this place.
 C = Inter-level travel time spent in this place.
 D = Time resting spent in this place.
 E = Time spent auto-exploring this place.
 F = Levels seen in this place.
 G = Mean time per level.
                   A        B        C        D        E       F      G
               +--------+--------+--------+--------+--------+-----+--------+
         Total |   5256 |   4888 |    368 |    225 |   3809 |   8 |  657.0 |
       Dungeon |   4998 |   4675 |    323 |    225 |   3597 |   7 |  714.0 |
        Temple |    257 |    213 |     44 |      0 |    212 |   1 |  257.0 |
               +--------+--------+--------+--------+--------+-----+--------+

Top non-repeatable levels by time:
     D:5: 1078 daAuts
     D:3: 953 daAuts
     D:2: 897 daAuts
     D:4: 790 daAuts
     D:6: 670 daAuts
     D:1: 441 daAuts
  Temple: 257 daAuts
     D:7: 166 daAuts
